 Dungeon Crawl Stone Soup version 0.30-a0-571-gdf30a72648 (webtiles) character file.

Game seed: 11340731002796375201

809 Newt the Shooter (level 8, -4/44 (48) HPs)
             Began as a Kobold Hunter on Dec 29, 2022.
             Slain by a wight
             ... wielding a +3 great sword
              (11 damage)
             ... on level 4 of the Dungeon.
             The game lasted 00:07:30 (6911 turns).

Newt the Shooter (Kobold Hunter)                    Turns: 6911, Time: 00:07:30

HP:   -4/44 (48)    AC:  3    Str:  9    XL:     8   Next: 15%
MP:   8/8           EV: 16    Int: 10    God:
Gold: 246           SH:  9    Dex: 20    Spells: 7/7 levels left

rFire   . . .      SeeInvis .    m - +2 sling
rCold   . . .      Faith    .    l - +2 buckler "Cinu" {Rampage}
rNeg    . . .      Spirit   .    c - +0 leather armour
rPois   .          Reflect  .    (no helmet)
rElec   .          Harm     .    (no cloak)
rCorr   .          Rampage  +    (no gloves)
Will    .....                    (no boots)
Stlth   +++                      (no amulet)
HPRegen 0.27/turn                (no ring)
MPRegen 0.11/turn                (no ring)

@: drained
A: small, no large weapons, nightstalker 3
a: no special abilities


You were on level 4 of the Dungeon.
You visited 1 branch of the dungeon, and saw 5 of its levels.

You collected 246 gold pieces.

Inventory:

Hand Weapons
 a - a +0 shortbow
 m - a +2 sling (weapon)
Missiles
 k - 2 silver boomerangs
Armour
 c - a +0 leather armour (worn)
 j - a +0 buckler
 l - the +2 buckler "Cinu" (worn) {Rampage}
   (You found it on level 2 of the Dungeon)

   Rampage:   It bestows one free step when moving towards enemies.
Jewellery
 n - a ring of positive energy
Wands
 d - a wand of flame (15)
Scrolls
 b - 3 scrolls of immolation
 e - 2 scrolls of magic mapping
 i - a scroll of identify
Potions
 f - a potion of berserk rage
 g - a potion of curing
 h - 3 potions of attraction


   Skills:
 - Level 4.0 Fighting
 - Level 7.0 Ranged Weapons
 - Level 5.0 Dodging
 - Level 3.0 Stealth
 + Level 4.7 Shields


You had 7 spell levels left.
You didn't know any spells.
Your spell library contained the following spells:

 Spells                   Type           Power      Damage    Failure   Level
 Static Discharge         Conj/Air       0%         2-2/arc   75%         2
 Vhi's Electric Charge    Tloc/Air       0%         N/A       93%         3
 Manifold Assault         Tloc           0%         N/A       100%        4
 Arcjolt                  Conj/Air       0%         1d10      100%        5
 Lightning Bolt           Conj/Air       0%         1d11      100%        5
 Dispersal                Tloc           0%         N/A       100%        6
 Disjunction              Tloc           0%         N/A       100%        8


Dungeon Overview and Level Annotations

Branches:
Dungeon (5/15)
 Temple: D:4-7

Altars:
Ashenzari
Hepliaklqana
Nemelex Xobeh
Xom

Annotations:
D:3 Cancer's ghost, amateur GrEE


Innate Abilities, Weirdness & Mutations

You are small and have problems with some larger weapons.
You are completely attuned to the shadows.


Message History

The wight is moderately damaged.
The wight misses you.
Throw: 2 boomerangs (silver)
Press: ? - help, Shift-Dir - straight line, f/p - wight
Aim: a wight, wielding a +3 great sword and wearing a +0 robe (moderately damaged, 64% to hit)
You throw a silver boomerang.
The silver boomerang hits the wight but does no damage.
The wight is heavily damaged.
The wight hits you with a +3 great sword!
* * * LOW HITPOINT WARNING * * *
You feel drained.
* * * LOW HITPOINT WARNING * * *
You block the wight's attack.
Throw: 2 boomerangs (silver)
Press: ? - help, Shift-Dir - straight line, f/p - wight
Aim: a wight, wielding a +3 great sword and wearing a +0 robe (heavily damaged, 64% to hit)
You throw a silver boomerang.
The silver boomerang barely misses the wight.
The wight barely misses you.
Throw: 2 boomerangs (silver)
Press: ? - help, Shift-Dir - straight line, f/p - wight
Aim: a wight, wielding a +3 great sword and wearing a +0 robe (heavily damaged, 64% to hit)
You throw a silver boomerang.
The silver boomerang closely misses the wight.
The wight hits you with a +3 great sword.
* * * LOW HITPOINT WARNING * * *
Fire: m) +2 sling
Press: ? - help, Q - select action, (/) - cycle Shift-Dir - straight line, f/p - wight
Aim: a wight, wielding a +3 great sword and wearing a +0 robe (heavily damaged, 67% to hit)
You shoot a sling bullet.
The sling bullet hits the wight but does no damage.
The wight is heavily damaged.
You block the wight's attack.
Fire: m) +2 sling
Press: ? - help, Q - select action, (/) - cycle Shift-Dir - straight line, f/p - wight
Aim: a wight, wielding a +3 great sword and wearing a +0 robe (heavily damaged, 67% to hit)
You shoot a sling bullet.
The sling bullet barely misses the wight.
The wight hits you with a +3 great sword!
You die...

#.#....'..#.#
#.#.#
#.##...#..#.#
#.#.#
#.##...#..#.#
#.#.#
#.##...#..#.#
#.#.#
#.##...#..#.#
#.#.#
#.######..#.#
#.#.#
#.........#)#
#.#.#
#########.#z#
#.#.# #.......#@#
#.#.. #.#######.#
#.### #.# #.# #.#
#.# #.# #.###
###### #.# #.#
#.... .....# #.#
#.# #####
####.###.# #.#
.........# #.#
####.###########.#


You could see a wight.

Vanquished Creatures
  Sigmund (D:2)
  A centaur (D:5)
  A kobold brigand (D:4)
  A scorpion (D:4)
  2 wights (D:4)
  2 hounds
  An iguana (D:5)
  3 orc wizards
  5 adders
  A white imp (D:5)
  An ufetubus (D:4)
  2 dart slugs (D:1)
  13 orcs
  8 ball pythons
  12 bats
  10 endoplasms
  3 giant cockroaches
  7 goblins
  7 hobgoblins
  2 quokkas
  2 frilled lizards
  13 kobolds
  5 rats
103 creatures vanquished.

Vanquished Creatures (others)
  12 plants (D:3)
12 creatures vanquished.

Grand Total: 115 creatures vanquished

Notes
Turn   | Place    | Note
-------+----------+-------------------------------------------
     0 | D:1      | Newt the Kobold Hunter began the quest for the Orb.
     0 | D:1      | Reached XP level 1. HP: 12/12 MP: 1/1
    60 | D:1      | Reached XP level 2. HP: 17/17 MP: 2/2
   167 | D:1      | You fall into a shaft and drop 1 floor!
   278 | D:2      | Reached XP level 3. HP: 5/23 MP: 3/3
   615 | D:2      | Noticed Sigmund
   623 | D:2      | Killed Sigmund
   624 | D:2      | Reached skill level 7 in Ranged Weapons
   624 | D:2      | Reached XP level 4. HP: 9/29 MP: 4/4
   624 | D:2      | Reached XP level 5. HP: 11/33 MP: 5/5
   624 | D:2      | Reached XP level 6. HP: 13/38 MP: 6/6
  1843 | D:2      | Identified the +2 buckler "Cinu" {Rampage}
  2674 | D:3      | Found a faded altar of an unknown god.
  3069 | D:3      | Found a hazy altar of Hepliaklqana.
  3246 | D:3      | Found a runed translucent gate.
  3246 | D:3      | Found a runed translucent gate.
  3246 | D:3      | Found a runed translucent gate.
  3249 | D:3      | Noticed Cancer's ghost (amateur GrEE)
  3403 | D:3      | Found a broken altar of Ashenzari.
  4086 | D:4      | Reached skill level 5 in Dodging
  4355 | D:3      | Reached skill level 1 in Shields
  4455 | D:4      | Reached XP level 7. HP: 7/36 MP: 7/7
  5017 | D:5      | Entered Level 5 of the Dungeon
  5042 | D:5      | Found a sparkling altar of Nemelex Xobeh.
  6211 | D:4      | Found a shimmering altar of Xom.
  6213 | D:4      | Found a shimmering altar of Xom.
  6218 | D:4      | Found a shimmering altar of Xom.
  6460 | D:4      | Reached XP level 8. HP: 22/48 MP: 8/8
  6911 | D:4      | Slain by a wight

Illustrated notes

Levels and vault maps discovered:
D:1:      psy_arrival_terrarium, layout_basic
D:2:      layout_basic, uniq_sigmund
D:3:      layout_loops_corners, mainiacjoe_overflow_concentric_impassable,
          nicolae_hepliaklqana_hazy_memory,
          hellmonk_ecumenical_altar_crossroads, gammafunk_ghost_nasty_kobolds
D:4:      layout_basic, overflow_temple_1_default, xom_redecorated
D:5:      layout_gridville, mainiacjoe_overflow_six_doors_small,
          nemelex_spade_bored_becter, minmay_temple_entry_glass

Skill      XL: |  1  2  3  4  5  6  7 |
---------------+----------------------+-----
Stealth        | 2 3 |  3.0
Fighting       | 3 4 |  4.0
Ranged Weapons | 7 |  7.0
Dodging        | 3 5 |  5.0
Shields        | 2 4 |  4.7

Action                   |  1- 3 |  4- 6 |  7- 9 || total
-------------------------+-------+-------+-------++-------
Melee: Sling             |       |     1 |       ||     1
 Fire: Shortbow          |    42 |    56 |       ||    98
       Sling             |       |   121 |   151 ||   272
Throw: Boomerang         |       |       |     7 ||     7
  Use: Potion            |     3 |     1 |       ||     4
       Scroll            |       |     8 |     4 ||    12
Armor: Leather armour    |     2 |    11 |    11 ||    24
Dodge: Dodged            |    13 |    55 |    63 ||   131
Block: Buckler           |       |    18 |    61 ||    79

Table legend: (Time is in decaauts)
 A = Elapsed time spent in this place.
 B = Non-inter-level travel time spent in this place.
 C = Inter-level travel time spent in this place.
 D = Time resting spent in this place.
 E = Time spent auto-exploring this place.
 F = Levels seen in this place.
 G = Mean time per level.
                   A        B        C        D        E       F      G
               +--------+--------+--------+--------+--------+-----+--------+
         Total |   6983 |   6740 |    243 |   2447 |   3341 |   5 | 1396.6 |
       Dungeon |   6983 |   6740 |    243 |   2447 |   3341 |   5 | 1396.6 |
               +--------+--------+--------+--------+--------+-----+--------+

Top non-repeatable levels by time:
     D:4: 1787 daAuts
     D:2: 1538 daAuts
     D:3: 1467 daAuts
     D:5: 1153 daAuts
     D:1: 1036 daAuts
